 Seeded DCSS version 0.31-a0-232-gb1c03b2570 (webtiles) character file.

Game seed: 13427028259722252286 (custom seed)

13446 innerfire43 the Thaumaturge (level 11, 0/75 HPs)
             Began as a Demonspawn Monk on July 7, 2023.
             Was the Champion of Cheibriados.
             Slain by Azrael
             ... wielding a +1 scimitar of flaming
              (1 damage)
             ... on level 12 of the Dungeon.
             The game lasted 00:16:31 (9740 turns).

innerfire43 the Thaumaturge (Demonspawn Monk)       Turns: 9740, Time: 00:16:31

Health: 0/75       AC: 16    Str: 30    XL:     11   Next: 75%
Magic:  23/23      EV: 29    Int: 27    God:    Cheibriados [******]
Gold:   808        SH:  0    Dex: 31    Spells: 15/26 levels left

rFire   . . .        G - +7 war axe
rCold   . . .        d - orb {light}
rNeg    . . .        H - +2 troll leather armour
rPois   .            l - +0 helmet
rElec   .            g - +2 cloak
rCorr   .            f - +0 pair of gloves
SInv    .            o - +0 pair of boots
Will    .....        (no amulet)
Stlth   +            C - +4 ring of slaying
HPRegen 1.12/turn    x - +5 ring of evasion
MPRegen 0.18/turn

%: no passive effects
@: confused, agile, ambrosia-drunk, wereblooded, glowing, very slow
A: thin metallic scales 1, demonic guardian 2, powered by pain 1, weakness
stinger 2
a: Renounce Religion, Bend Time, Temporal Distortion, Slouch, Step From Time


You were on level 12 of the Dungeon.
You worshipped Cheibriados.
Cheibriados was exalted by your worship.
You visited 2 branches of the dungeon, and saw 13 of its levels.
You also visited: Ossuary.

You collected 808 gold pieces.

Inventory:

Hand Weapons
 a - a +0 hand axe
 t - a +0 war axe
 G - a +7 war axe (weapon)
Missiles
 I - 2 throwing nets
Armour
 d - an orb of light (worn)
 f - a +0 pair of gloves (worn)
 g - a +2 cloak (worn)
 l - a +0 helmet (worn)
 o - a +0 pair of boots (worn)
 F - +0 steam dragon scales
 H - a +2 troll leather armour (worn)
 P - the +0 ring mail of Distant Shores {-Cast Will+++ Regen+ Dex+5}
   (You found it on level 11 of the Dungeon)

   Dex:       It affects your dexterity (+5).
   -Cast:     It prevents spellcasting.
   Regen:     It increases your rate of health regeneration.
   Will:      It greatly increases your willpower.
Jewellery
 m - a +6 ring of strength
 p - a +4 ring of protection
 x - a +5 ring of evasion (right hand)
 C - a +4 ring of slaying (left hand)
 D - the ring of Otweirou {Will++ Int+6 Dex+4}
   (You found it on level 5 of the Dungeon)

   [ring of intelligence]

   Int:       It affects your intelligence (+6).
   Dex:       It affects your dexterity (+4).
   Will:      It greatly increases your willpower.
Wands
 s - a wand of charming (16)
 u - a wand of roots (2)
 v - a wand of mindburst (12)
 K - a wand of polymorph (7)
 M - a wand of flame (11)
Scrolls
 h - a scroll of revelation
 i - 8 scrolls of teleportation
 k - 3 scrolls of immolation
 n - 7 scrolls of identify
 r - 2 scrolls of poison
 y - 4 scrolls of fog
Potions
 b - a potion of haste {unknown}
 e - 3 potions of attraction {unknown}
 j - 2 potions of resistance {unknown}
 q - 3 potions of cancellation
 w - a potion of magic {unknown}
 z - 2 potions of might {unknown}
 A - 3 potions of enlightenment
 B - a potion of mutation
 E - 3 potions of lignification
 J - 3 potions of curing {unknown}
 N - a potion of invisibility {unknown}
 O - a potion of degeneration {unknown}


   Skills:
 - Level 3.1 Fighting
 * Level 8.1 Axes
 - Level 7.2 Armour
 - Level 7.0 Dodging
 + Level 8.2 Spellcasting
 * Level 3.4 Conjurations
 - Level 7.8 Transmutations
 * Level 3.1 Air Magic


You had 15 spell levels left.
You knew the following spells:

 Your Spells              Type           Power      Damage    Failure   Level
a - Wereblood             Tmut           52%        N/A       1%          2
b - Ice Form              Ice/Tmut       32%        N/A       12%         4
c - Arcjolt               Conj/Air       14%        1d24      38%         5

Your spell library contained the following spells:

 Spells                   Type           Power      Damage    Failure   Level
 Beastly Appendage        Tmut           100%       N/A       1%          1
 Shock                    Conj/Air       100%       1d9       1%          1
 Foxfire                  Conj/Fire      80%        2x1d8     2%          1
 Spider Form              Tmut/Pois      32%        N/A       3%          3
 Dazzling Flash           Conj/Hex       40%        N/A       9%          3
 Vhi's Electric Charge    Tloc/Air       38%        N/A       9%          3
 Frozen Ramparts          Ice            22%        1d4       17%         3
 Olgreb's Toxic Radiance  Pois           11%        N/A       50%         4
 Summon Ice Beast         Ice/Summ       11%        N/A       50%         4
 Silence                  Hex/Air        9%         N/A       63%         5
 Agony                    Necr           11%        N/A       85%         5
 Plasma Beam              Fire/Air       9%         2x1d20    99%         6
 Discord                  Hex            5%         N/A       100%        8
 Ignition                 Fire           5%         3d4       100%        8


Dungeon Overview and Level Annotations

Branches:
Dungeon (12/15)            Temple (1/1) D:5            Lair (0/5) D:8
    Orc (0/2) D:9         Ossuary (visited)

Altars:
Cheibriados
Kikubaaqudgha
Makhleb
Nemelex Xobeh
Okawaru
Qazlal
Ru
Wu Jian

Shops:
D:1 (   D:2 :   D:7 (   D:8 *

Portals:
Abyss: D:4

Annotations:
D:4 2 transporters, rocky1's ghost, amateur MfGl
D:12 Azrael


Innate Abilities, Weirdness & Mutations

You are partially covered in thin metallic scales. (AC +2)
A demonic guardian rushes to your aid.
You sometimes gain a little power by taking damage.
You have a tail ending in a sharp stinger.


Message History

Unknown command.
You slice the fire elemental!!
You feel a bit better.
You destroy the fire elemental!
Cheibriados appreciates the change of pace.
You slash the slime creature! The slime creature misses you.
Unknown command.
You slash Azrael!
Azrael is lightly wounded.
You hit the slime creature. The slime creature hits you.
Azrael completely misses you.
Unknown command.
You hit Azrael.
Azrael is lightly wounded.
You hit the slime creature.
The slime creature completely misses you.
Azrael barely misses you.
Unknown command.
You hit Azrael.
Azrael is moderately wounded.
You hit the slime creature. The slime creature hits you!
* * * LOW HITPOINT WARNING * * *
You focus on the pain.
You feel agile all of a sudden. Azrael hits you but does no damage.
You slash Azrael!
Azrael is moderately wounded.
You slash the slime creature!
You feel a bit better.
You kill the slime creature!
Cheibriados thoroughly appreciates the change of pace.
You howl as the wereblood boils in your veins!
Azrael hits you with a +1 scimitar of flaming!
* * * LOW HITPOINT WARNING * * *
Azrael burns you.
* * * LOW HITPOINT WARNING * * *
You are confused.
You feel invigorated.
Azrael hits you with a +1 scimitar of flaming.
* * * LOW HITPOINT WARNING * * *
Azrael burns you.
You die...

#. #. #.#######
.......# . ##......#
...##>......####
...............######
#..R@.#+#...##...#
#<.##.......##...# ##
##.##...##...#
#..#.).##...#
##.##.###...####
#......'..^....
###..###...###.
##.###...# #<...####


You could see Azrael.

Vanquished Creatures
  A boulder beetle (D:12)
  A cyclops (D:11)
  An ugly thing (D:12)
  A manticore (D:11)
  Maurice (D:8)
  3 gargoyles
  2 komodo dragons
  5 trolls
  Prince Ribbit (D:7)
  A hornet (D:10)
  5 slime creatures (D:12)
  2 shadows
  2 vampires (D:11)
  3 fire elementals (D:12)
  A wraith (D:11)
  4 yaks (D:12)
  A wyvern (D:8)
  Grum (D:9)
  4 steam dragons
  2 vampire mosquitoes (D:12)
  Menkaure (D:6)
  A hell hound (D:12)
  7 orc warriors
  2 wolves (D:9)
  An ogre (D:4)
  7 centaurs
  A phantom (D:6)
  A bullfrog (D:8)
  An elf zombie (Ossuary)
  3 kobold brigands
  3 gnoll sergeants
  7 wights
  11 killer bees
  A howler monkey (D:8)
  A human zombie (Ossuary)
  8 orc priests
  5 hounds
  4 jellies
  5 sleepcaps
  An iguana (D:6)
  Natasha (twice) (D:2)
  17 orc wizards
  4 mummies (Ossuary)
  16 gnolls
  8 adders
  A shadow imp (D:5)
  4 ufetubi
  A worm (D:4)
  3 dart slugs
  39 orcs
  3 bats
  8 endoplasms
  4 giant cockroaches
  7 goblins
  3 hobgoblins
  3 quokkas
  5 ball pythons
  5 frilled lizards (D:1)
  3 gnoll zombies (Ossuary)
  A goblin zombie (Ossuary)
  2 hobgoblin zombies (Ossuary)
  30 kobolds
  2 kobold zombies (Ossuary)
  An orc zombie (Ossuary)
  7 rats
  3 rat zombies
295 creatures vanquished.

Vanquished Creatures (collateral kills)
  An orc warrior (D:9)
  A phantom (D:4)
  An orc priest (D:9)
  A jelly (D:3)
  A gnoll (D:6)
  An ufetubus (D:6)
  A quokka (D:4)
7 creatures vanquished.

Vanquished Creatures (others)
  A slime creature (D:12)
  A wolf (D:9)
2 creatures vanquished.

Grand Total: 304 creatures vanquished

Notes
Turn   | Place    | Note
-------+----------+-------------------------------------------
     0 | D:1      | innerfire43 the Demonspawn Monk began the quest for the
                  | Orb.
     0 | D:1      | Reached XP level 1. HP: 18/18 MP: 1/1
   194 | D:1      | Gained mutation: You are partially covered in thin metallic
                  | scales. (AC +2) [demonic ancestry]
   194 | D:1      | Reached XP level 2. HP: 19/24 MP: 2/2
   517 | D:1      | Reached skill level 1 in Armour
   626 | D:1      | Found Foghidol's Weapon Shoppe.
   704 | D:1      | Gained mutation: A weak demonic guardian rushes to your
                  | aid. [demonic ancestry]
   704 | D:1      | Reached XP level 3. HP: 29/29 MP: 3/3
   954 | D:2      | Noticed Natasha
   969 | D:2      | Killed Natasha
  1424 | D:2      | Reached XP level 4. HP: 30/35 MP: 4/4
  1601 | D:2      | Found Demuomoto's Book Emporium.
  1908 | D:2      | Noticed Natasha
  1915 | D:2      | Killed Natasha
  2208 | D:3      | You fall into a shaft and drop 1 floor!
  2258 | D:4      | Noticed a phantom
  2276 | D:4      | Killed a phantom
  2277 | D:4      | Reached XP level 5. HP: 27/41 MP: 5/5
  2508 | D:3      | Gained mutation: You have a small tail. [demonic ancestry]
  2508 | D:3      | Reached XP level 6. HP: 30/47 MP: 6/6
  3425 | D:4      | Learned a level 2 spell: Wereblood
  3457 | D:4      | Found a one-way gate to the infinite horrors of the Abyss.
  3457 | D:4      | Noticed rocky1's ghost (amateur MfGl)
  3470 | D:4      | Noticed a small abomination
  3637 | D:4      | Found a transporter.
  3641 | D:4      | Found a transporter.
  3642 | D:4      | Noticed a toenail golem
  3903 | D:5      | Entered Level 5 of the Dungeon
  3998 | D:5      | Gained mutation: You have a tail ending in a sharp stinger.
                  | [demonic ancestry]
  3998 | D:5      | Reached XP level 7. HP: 52/52 MP: 8/8
  4053 | D:5      | Found a sand-covered staircase.
  4064 | Ossuary  | Entered an ossuary
  4080 | Ossuary  | Reached skill level 1 in Spellcasting
  4080 | Ossuary  | Reached skill level 1 in Transmutations
  4261 | D:5      | Identified the ring of Otweirou {Will++ Int+6 Dex+4}
  4412 | D:5      | Found a staircase to the Ecumenical Temple.
  4429 | Temple   | Entered the Ecumenical Temple
  4438 | Temple   | Became a worshipper of Cheibriados the Contemplative
  4438 | Temple   | Reached * piety under Cheibriados
  4438 | Temple   | Reached ** piety under Cheibriados
  4873 | D:6      | Noticed Menkaure
  4878 | D:6      | Killed Menkaure
  4924 | D:6      | Gained mutation: You sometimes gain a little power by
                  | taking damage. [demonic ancestry]
  4924 | D:6      | Reached XP level 8. HP: 46/58 MP: 11/11
  5130 | D:6      | Reached *** piety under Cheibriados
  5222 | D:6      | Reached skill level 5 in Armour
  5271 | D:6      | Reached skill level 5 in Axes
  5867 | D:7      | Found Haontog's Antique Weapon Emporium.
  5997 | D:7      | Reached skill level 5 in Dodging
  6081 | D:7      | Noticed a troll
  6090 | D:7      | Killed a troll
  6167 | D:7      | Gained mutation: A demonic guardian rushes to your aid.
                  | [demonic ancestry]
  6167 | D:7      | Reached XP level 9. HP: 63/63 MP: 15/15
  6260 | D:7      | Noticed Prince Ribbit
  6270 | D:7      | Killed Prince Ribbit
  6783 | D:8      | Reached **** piety under Cheibriados
  6792 | D:8      | Found Roinoc's Lightly-Used Armoury.
  6853 | D:8      | Reached skill level 5 in Spellcasting
  6853 | D:8      | Reached skill level 5 in Transmutations
  7182 | D:8      | Noticed Maurice
  7195 | D:8      | Killed Maurice
  7374 | D:8      | Found a staircase to the Lair.
  7375 | D:8      | Noticed a komodo dragon
  7384 | D:8      | Killed a komodo dragon
  7385 | D:8      | Reached XP level 10. HP: 46/70 MP: 18/18
  7581 | D:9      | Reached ***** piety under Cheibriados
  7861 | D:9      | Found a staircase to the Orcish Mines.
  7938 | D:9      | Noticed Grum
  7948 | D:9      | Killed Grum
  8082 | D:10     | Entered Level 10 of the Dungeon
  8234 | D:10     | Found an ancient bone altar of Kikubaaqudgha.
  8620 | D:11     | Reached XP level 11. HP: 70/75 MP: 22/22
  8774 | D:11     | Reached ****** piety under Cheibriados
  9022 | D:11     | Identified the +0 ring mail of Distant Shores {-Cast
                  | Will+++ Regen+ Dex+5}
  9065 | D:11     | Learned a level 4 spell: Ice Form
  9196 | D:11     | Got Spellweaving for Beginners
  9274 | D:11     | Learned a level 5 spell: Arcjolt
  9432 | D:12     | Noticed a brown ugly thing
  9437 | D:12     | Killed a brown ugly thing
  9438 | D:12     | Reached skill level 1 in Conjurations
  9445 | D:12     | Reached skill level 1 in Air Magic
  9626 | D:12     | Noticed a boulder beetle
  9653 | D:12     | Killed a boulder beetle
  9724 | D:12     | Noticed Azrael
  9739 | D:12     | HP: 1/75 [Azrael/+1 scimitar of flaming (5)]
  9740 | D:12     | Slain by Azrael

Illustrated notes

Levels and vault maps discovered:
D:1:      nzn_arrival_depleted_hourglass, layout_basic, serial_shops, shop,
          nicolae_houndstooth_variations
D:2:      layout_basic, serial_shops, nicolae_shop_getting_attention,
          uniq_natasha
D:3:      layout_basic
D:4:      minmay_angry_zag, layout_cave_pools, cheibrodos_sewer_entry_bend,
          gammafunk_ghost_abyssal_escape
D:5:      layout_basic, minmay_temple_entry_slanted, enter_ossuary_3
D:6:      layout_cave_pods, palyth_stone_intersect, uniq_menkaure
D:7:      layout_cave_pods, serial_shops, shop, serial_park_tiny_1,
          kennysheep_boxes, uniq_prince_ribbit1
D:8:      kennysheep_steamy, layout_loops_cross, david_lair_shrubbed,
          minmay_shop_damaged, uniq_maurice
D:9:      layout_roguey, david_orc_4, uniq_grum
D:10:     layout_rooms, kiku_gazebo_garden_becter, small_statue_alley_b
D:11:     layout_grid_maze
D:12:     statuecave_lemuel, layout_basic, uniq_azrael, uniq_frances
Temple:   nicolae_temple_bog_church

Skill      XL: |  1  2  3  4  5  6  7  8  9 10 11 |
---------------+----------------------------------+-----
Armour         | 1 2 3 4 5 6 7 |  7.2
Axes           | 3 4 5 6 8 |  8.1
Dodging        | 3 4 5 6 7 |  7.0
Spellcasting   | 2 4 5 7 8 |  8.2
Transmutations | 2 4 5 7 |  7.8
Conjurations   | 3 |  3.4
Air Magic      | 3 |  3.1
Fighting       | |  3.1

Action                     |  1- 3 |  4- 6 |  7- 9 | 10-12 || total
---------------------------+-------+-------+-------+-------++-------
  Melee: Hand axe          |   104 |    94 |       |       ||   198
         War axe           |       |    40 |   216 |   234 ||   490
         Tailslap          |       |     7 |    41 |    40 ||    88
         Unarmed           |       |       |       |     8 ||     8
   Cast: Wereblood         |       |       |     1 |     9 ||    10
         Ice Form          |       |       |       |     2 ||     2
    Use: Scroll            |       |       |    12 |     3 ||    15
         Potion            |       |       |     3 |     1 ||     4
 Armour: Robe              |    19 |    57 |    35 |       ||   111
         Steam dragon scal |       |       |     6 |       ||     6
         Troll leather arm |       |       |    12 |    70 ||    82
  Dodge: Dodged            |    69 |   108 |   253 |   364 ||   794

Table legend: (Time is in decaauts)
 A = Elapsed time spent in this place.
 B = Non-inter-level travel time spent in this place.
 C = Inter-level travel time spent in this place.
 D = Time resting spent in this place.
 E = Time spent auto-exploring this place.
 F = Levels seen in this place.
 G = Mean time per level.
                   A        B        C        D        E       F      G
               +--------+--------+--------+--------+--------+-----+--------+
         Total |  12902 |  12351 |    551 |      0 |  10236 |  14 |  921.6 |
       Dungeon |  12681 |  12150 |    531 |      0 |  10125 |  12 | 1056.8 |
        Temple |     22 |      3 |     19 |      0 |      0 |   1 |   22.0 |
       Ossuary |    198 |    198 |      0 |      0 |    111 |   1 |  198.0 |
               +--------+--------+--------+--------+--------+-----+--------+

Top non-repeatable levels by time:
    D:11: 1475 daAuts
     D:6: 1428 daAuts
     D:8: 1374 daAuts
     D:7: 1330 daAuts
     D:2: 1124 daAuts
     D:3: 1066 daAuts
     D:1: 965 daAuts
    D:10: 931 daAuts
     D:5: 914 daAuts
     D:9: 864 daAuts
     D:4: 792 daAuts
    D:12: 412 daAuts
 Ossuary: 198 daAuts
  Temple: 22 daAuts
